 Dungeon Crawl Stone Soup version 0.29.1-15-g9cfb28693d (webtiles) character file.

Game seed: 12595423064981860590

109 promet the Shield-Bearer (level 4, -1/40 HPs)
             Began as a Minotaur Fighter on Mar 12, 2023.
             Was a Follower of Uskayaw.
             Killed by nerve-wracking pain
             ... invoked by Grinder
              (6 damage)
             ... on level 3 of the Dungeon.
             The game lasted 00:10:47 (2470 turns).

promet the Shield-Bearer (Minotaur Fighter)         Turns: 2470, Time: 00:10:47

Health: -1/40      AC: 10    Str: 20    XL:     4   Next: 60%
Magic:  3/3        EV:  7    Int:  7    God:    Uskayaw [*.....]
Gold:   124        SH:  4    Dex: 10    Spells: 3/3 levels left

rFire   . . .      SeeInvis .   a - +0 war axe
rCold   . . .      Faith    .   c - +0 buckler
rNeg    . . .      Spirit   .   e - +0 chain mail
rPois   .          Reflect  .   (helmet restricted)
rElec   .          Harm     .   (no cloak)
rCorr   .          Rampage  .   (no gloves)
Will    .....                   h - +0 pair of boots
Stlth   ..........              (no amulet)
HPRegen 0.13/turn               (no ring)
MPRegen 0.08/turn               (no ring)

@: no status effects
A: horns 2, retaliatory headbutt
a: Renounce Religion, Stomp


You were on level 3 of the Dungeon.
You worshipped Uskayaw.
Uskayaw was noncommittal.
You visited 1 branch of the dungeon, and saw 3 of its levels.

You collected 124 gold pieces.

Inventory:

Hand Weapons
 a - a +0 war axe (weapon)
 l - a +0 spear
Missiles
 g - a poisoned dart (quivered)
 k - 39 stones
Armour
 c - a +0 buckler (worn)
 e - a +0 chain mail (worn)
 h - a +0 pair of boots (worn)
Jewellery
 f - a ring of see invisible
 i - a ring of ice
Wands
 b - a wand of paralysis (10)
Scrolls
 m - a scroll of identify
 n - a scroll of enchant armour {unknown}
Potions
 d - a potion of might


   Skills:
 + Level 4.2 Fighting
 + Level 4.0 Axes
 + Level 4.2 Armour
 + Level 1.1 Dodging
 + Level 0.1 Stealth
 + Level 4.4 Shields


You had 3 spell levels left.
You didn't know any spells.
Your spell library contained the following spells:

 Spells                   Type           Power      Damage    Failure   Level
 Olgreb's Toxic Radiance  Pois           0%         N/A       100%        4
 Ozocubu's Refrigeration  Ice            0%         4d7       100%        7
 Ignition                 Fire           0%         3d3       100%        8


Dungeon Overview and Level Annotations

Branches:
Dungeon (3/15)

Altars:
Okawaru
Qazlal
Uskayaw

Annotations:
D:3 Grinder


Innate Abilities, Weirdness & Mutations

You have a pair of horns on your head.
You reflexively headbutt those who attack you in melee.


Message History

You closely miss Grinder.
Grinder is moderately wounded.
Grinder hits you but does no damage. Grinder gestures at you.
Pain shoots through your body!
You are too injured to fight recklessly!
You are too injured to fight recklessly!
You are too injured to fight recklessly!
You are too injured to fight recklessly!
You are too injured to fight recklessly!
You closely miss Grinder.
Grinder is moderately wounded.
Grinder hits you but does no damage.
You barely miss Grinder. You headbutt Grinder.
Grinder is moderately wounded.
Grinder barely misses you.
You barely miss Grinder. Your headbutt misses Grinder.
Grinder is moderately wounded.
Grinder hits you but does no damage. You block Grinder's attack.
You closely miss Grinder.
Grinder is moderately wounded.
Grinder says, "DUCK!"
Grinder hits you!
* * * LOW HITPOINT WARNING * * *
You writhe in agony.
* * * LOW HITPOINT WARNING * * *
As you read the scroll of summoning, it crumbles to dust.
Wisps of shadow whirl around you...
Grinder says, "DUCK!"
Grinder barely misses you.
You hit Grinder.
Grinder is heavily wounded.
Your bat misses Grinder. Grinder barely misses you.
Your kobold barely misses Grinder.
You closely miss Grinder.
Grinder is heavily wounded.
Your bat hits Grinder but does no damage.
Grinder gestures at you. Pain shoots through your body!
You die...

###.#.......##..#..#
#......########....#
#.#.##.# ###..# #.#.#
.######## #5.# ####.#..
........###..#
.>†..#...........##..##
#.......#######..##..#
#..##...#######..#...#
#..##...##......@#.#†#
#..# ...##......K5.#.#
#.## #..##..PP.Pb.##.#
..# ##..##.......###.#
..# #...##...._..# #.#
#............# #.#
#............# #.#
##.....###..#.# #.#
##.....## ##...#


You could see Grinder (ally target), a friendly bat (summoned) and a friendly
kobold (summoned).

Vanquished Creatures
  An orc priest (D:3)
  An adder (D:2)
  2 dart slugs
  6 orcs (D:3)
  13 ball pythons
  3 bats
  5 endoplasms
  2 giant cockroaches (D:3)
  4 goblins
  4 hobgoblins
  7 kobolds
  A quokka (D:1)
  8 frilled lizards
  5 rats
62 creatures vanquished.

Vanquished Creatures (others)
  4 plants (D:3)
4 creatures vanquished.

Grand Total: 66 creatures vanquished

Notes
Turn   | Place    | Note
-------+----------+-------------------------------------------
     0 | D:1      | promet the Minotaur Fighter began the quest for the Orb.
     0 | D:1      | Reached XP level 1. HP: 19/19 MP: 0/0
   185 | D:1      | Reached XP level 2. HP: 23/27 MP: 1/1
  1054 | D:2      | Reached XP level 3. HP: 33/33 MP: 2/2
  2074 | D:3      | Reached XP level 4. HP: 35/40 MP: 3/3
  2118 | D:3      | Found a stormy altar of Qazlal.
  2248 | D:3      | Reached skill level 1 in Dodging
  2280 | D:3      | Found a hide-covered altar of Uskayaw.
  2290 | D:3      | Became a worshipper of Uskayaw the Reveller
  2353 | D:3      | Found an iron altar of Okawaru.
  2360 | D:3      | Reached * piety under Uskayaw
  2399 | D:3      | Noticed Grinder
  2416 | D:3      | Paralysed by Grinder for 3 turns
  2420 | D:3      | Paralysed by Grinder for 4 turns
  2451 | D:3      | Paralysed by Grinder for 3 turns
  2470 | D:3      | Killed from afar by Grinder

Illustrated notes

Levels and vault maps discovered:
D:1:      dpeg_arrival_orchard, layout_loops_ring, minmay_misc_feat_four_crosses
D:2:      layout_loops_corners, minmay_tiny_reverse_x
D:3:      layout_rooms, mainiacjoe_overflow_concentric_impassable,
          mainiacjoe_overflow_chevrons, overflow_temple_1_default, uniq_grinder

Skill      XL: |  1  2  3  4 |
---------------+-------------+-----
Fighting       | 4 |  4.2
Shields        | 4 |  4.4
Axes           | 3 4 |  4.0
Armour         | 4 |  4.2
Dodging        | 1 |  1.1
Stealth        | |  0.1

Action                   |  1- 3 |  4- 6 || total
-------------------------+-------+-------++-------
Melee: War axe           |    95 |    36 ||   131
       Headbutt          |    12 |     4 ||    16
Throw: Dart              |       |     6 ||     6
  Use: Scroll            |     6 |     1 ||     7
Armor: Scale mail        |    17 |       ||    17
       Chain mail        |    39 |    15 ||    54
Dodge: Dodged            |    27 |    12 ||    39
Block: Buckler           |    21 |     8 ||    29
